Map: [ESL] Goldenaura

Players

TeebuL

  • Race: Protoss Protoss
  • Spawn Location: 5:00

MacSed - Winner!

  • Race: Protoss Protoss
  • Spawn Location: 12:00

Event: ESL SC2 Masters 2023 Winter (Regional)

VOD

Have the link to the VOD?

Description

Time

  • Played on: Nov. 2, 2023, 9:40 a.m.
  • Length: 7:30

All games in this series

Show
View Real Time Build Order
Export as new Build Order

TeebuL Protoss 

Build Orders: 1 Gate Expand 

Get SALT Encoding   

  12  0:00  Probe  
  13  0:12  Probe  
  14  0:18  Pylon  
  14  0:24  Probe (Chrono Boost)  
  15  0:36  Probe (Chrono Boost)  
  15  0:39  Gateway  
  16  0:45  Probe (Chrono Boost)  
  16  0:49  Assimilator  
  17  0:51  Probe  
  18  1:03  Probe  
  19  1:15  Probe  
  20  1:24  Nexus  
  20  1:35  Cybernetics Core  
  20  1:37  Probe  
  21  1:45  Assimilator  
  21  1:49  Probe  
  21  1:52  Pylon  
  22  2:01  Probe  
  23  2:11  Stalker (Chrono Boost)  
  23  2:14  Warp Gate  
  25  2:16  Probe  
  26  2:27  Robotics Facility  
  26  2:31  Stalker (Chrono Boost)  
  28  2:40  Shield Battery  
  28  2:54  Stalker (Chrono Boost)  
  29  3:15  Immortal (Chrono Boost)  
  29  3:16  Stalker (Chrono Boost)  
  35  3:30  Gateway  
  35  3:41  Shield Battery  
  35  3:45  Immortal (Chrono Boost)  
  37  3:55  Shield Battery  
  30  4:10  Stalker  
  32  4:17  Immortal (Chrono Boost)  
  34  4:28  Adept  
  36  4:34  Gateway  
  36  4:36  Adept  
  33  4:58  Adept x2  
  33  5:01  Probe x2  
  35  5:12  Immortal  
  39  5:17  Pylon  
  39  5:27  Probe (Chrono Boost)  
  39  5:28  Probe (Chrono Boost)  
  41  5:39  Probe (Chrono Boost)  
  41  5:40  Probe (Chrono Boost)  
  41  5:41  Adept  
  45  5:46  Pylon  
  45  5:47  Probe (Chrono Boost)  
  46  5:54  Pylon  
  47  6:04  Probe (Chrono Boost)  
  47  6:08  Probe (Chrono Boost)  
  47  6:09  Twilight Council  
  48  6:15  Probe (Chrono Boost)  
  49  6:18  Probe (Chrono Boost)  
  49  6:20  Probe (Chrono Boost)  
  49  6:22  Adept x2  
  43  6:28  Probe  
  43  6:32  Probe (Chrono Boost)  
  36  6:34  Stalker  
  32  6:46  Probe x2 (Chrono Boost)  
  22  7:00  Adept x2  
Show
View Real Time Build Order
Export as new Build Order

MacSed Protoss - Winner!

Build Orders:  

Get SALT Encoding   

  12  0:00  Probe  
  13  0:12  Probe  
  14  0:17  Pylon  
  14  0:24  Probe (Chrono Boost)  
  15  0:36  Gateway, Probe (Chrono Boost)  
  16  0:44  Probe (Chrono Boost)  
  16  0:46  Assimilator  
  17  0:50  Probe  
  17  0:54  Assimilator  
  18  1:03  Probe (Chrono Boost)  
  19  1:10  Gateway  
  19  1:15  Probe (Chrono Boost)  
  20  1:24  Cybernetics Core, Probe (Chrono Boost)  
  21  1:29  Probe  
  22  1:35  Pylon  
  22  1:41  Probe  
  23  1:53  Probe  
  24  2:01  Warp Gate, Stalker x2  
  28  2:11  Pylon  
  28  2:31  Robotics Facility  
  28  2:33  Stalker x2  
  31  2:46  Probe  
  32  3:03  Gateway  
  32  3:09  Stalker  
  36  3:22  Immortal (Chrono Boost)  
  38  3:31  Pylon  
  38  3:43  Robotics Bay  
  36  3:51  Immortal (Chrono Boost)  
  36  4:15  Adept x2  
  40  4:23  Pylon  
  44  4:29  Disruptor (Chrono Boost)  
  40  4:45  Stalker  
  40  4:46  Stalker  
  38  5:00  Gateway  
  38  5:02  Adept  
  40  5:09  Probe  
  40  5:12  Pylon  
  39  5:19  Nexus  
  39  5:22  Robotics Facility  
  39  5:24  Probe  
  40  5:31  Adept  
  42  5:36  Probe  
  42  5:37  Adept  
  44  5:44  Sentry  
  44  5:48  Shield Battery  
  46  5:56  Pylon  
  46  6:03  Probe  
  47  6:14  Adept x3  
  50  6:20  Probe  
  41  6:34  Stalker  
  41  6:35  Zealot  
  41  6:43  Probe  
  32  7:08  Stalker  
Tags
 
Add a new tag
Caveats
  • Supply blocks, unpowered buildings, or Contaminate may cause inaccurate times.
  • Supply counts are checked every 10 seconds.